 Dungeon Crawl Stone Soup version 0.29.1-2-gbd0b4ee654 (webtiles) character file.

Game seed: 16235021821829940406

2 jamesblauser the Covert (level 1, -2/23 HPs)
             Began as a Gnoll Delver on Nov 10, 2022.
             Slain by an orc wizard
             ... wielding a +0 dagger
              (4 damage)
             ... on level 5 of the Dungeon.
             The game lasted 00:02:22 (120 turns).

jamesblauser the Covert (Gnoll Delver)               Turns: 120, Time: 00:02:22

Health: -2/23      AC:  3    Str: 11    XL:     1   Next: 30%
Magic:  10/10      EV: 13    Int:  9    God:
Gold:   0          SH:  0    Dex: 13    Spells: 0/0 levels left

rFire   . . .      SeeInvis .   a - +0 hand axe
rCold   . . .      Faith    .   (no shield)
rNeg    . . .      Spirit   .   b - +0 leather armour
rPois   .          Reflect  .   (no helmet)
rElec   .          Harm     .   (no cloak)
rCorr   .          Rampage  .   (no gloves)
Will    +....                   (no boots)
Stlth   +++++.....              (no amulet)
HPRegen 0.07/turn               h - ring "Lyssaaf" {+Blink Will+ MP+9 Stlth+}
MPRegen 0.12/turn               (no ring)

@: no status effects
A: fangs 1, strong nose, distributed training
a: Evoke Blink


You were on level 5 of the Dungeon.
You visited 1 branch of the dungeon, and saw 1 of its levels.

Inventory:

Hand Weapons
 a - a +0 hand axe (weapon)
Armour
 b - a +0 leather armour (worn)
Jewellery
 h - the ring "Lyssaaf" (left hand) {+Blink Will+ MP+9 Stlth+}
   (You found it on level 5 of the Dungeon)

   [ring of magical power]

   MP:        It affects your magic capacity (+9).
   +Blink:    It lets you blink.
   Will:      It increases your willpower.
   Stlth:     It makes you more stealthy.
Scrolls
 d - 2 scrolls of magic mapping
 e - a scroll of fear
 i - a scroll of blinking {unknown}
Potions
 f - 2 potions of haste


   Skills:
 + Level 6.4 Fighting
 + Level 0.0 Short Blades
 + Level 0.0 Long Blades
 + Level 4.4 Axes
 + Level 0.0 Maces & Flails
 + Level 0.0 Polearms
 + Level 0.0 Staves
 + Level 0.0 Ranged Weapons
 + Level 0.0 Throwing
 + Level 0.0 Armour
 + Level 4.4 Dodging
 + Level 9.5 Stealth
 + Level 0.0 Shields
 + Level 0.0 Unarmed Combat
 + Level 0.0 Spellcasting
 + Level 0.0 Conjurations
 + Level 0.0 Hexes
 + Level 0.0 Summonings
 + Level 0.0 Necromancy
 + Level 0.0 Translocations
 + Level 0.0 Transmutations
 + Level 0.0 Fire Magic
 + Level 0.0 Ice Magic
 + Level 0.0 Air Magic
 + Level 0.0 Earth Magic
 + Level 0.0 Poison Magic
 + Level 0.1 Invocations
 + Level 0.0 Evocations


You couldn't memorise any spells.
You didn't know any spells.
Your spell library contained the following spells:

 Spells                   Type           Power      Damage    Failure   Level
 Static Discharge         Conj/Air       0%         3-3/arc   63%         2
 Dispel Undead            Necr           0%         3d6       99%         4
 Sticky Flame             Conj/Fire      0%         2d3       99%         4


Dungeon Overview and Level Annotations

Branches:
Dungeon (5/15)
 Temple: D:4-7

Altars:
Xom


Innate Abilities, Weirdness & Mutations

You have very sharp teeth.
Your uncanny sense of smell can sniff out nearby items.
Your experience applies equally to all skills.


Message History

The orc hits you with a +0 dagger.
You see here a scroll of magic mapping.
d - 2 scrolls of magic mapping (gained 1)
The orc closely misses you. The orc hits you but does no damage.
You hear the slow rusting of a very distant drain.
The orc attacks as you move away! The orc closely misses you.
The orc attacks as you move away! The orc hits you with a +0 dagger.
Aiming: Dig
Press: ? - help, Q - select action, (/) - cycle Shift-Dir - straight line The rock shatters into small pieces.
The now-empty wand crumbles to dust.
The orc hits you with a +0 dagger. The orc attacks as you move away!
The orc barely misses you.
As you read the scroll of fog, it crumbles to dust.
The scroll dissolves into smoke.
The orc hits you with a +0 dagger.
You hit the orc.
The orc is heavily wounded.
The orc hits you with a +0 dagger.
You hit the orc.
You kill the orc!
You hit the orc wizard.
You bite the orc wizard, but do no damage.
The orc wizard is moderately wounded.
The orc wizard mumbles some strange words.
The orc wizard flickers and vanishes!
Deactivating autopickup; reactivate with Ctrl-A.
You hit something. Something hits you.
You miss something. Your bite misses something.
Something completely misses you.
You miss something. You bite something. Something hits you but does no damage.
You hear some strange, mumbled words.
A puff of flame appears from out of thin air!
The puff of flame hits you.
You hit something but do no damage. Something hits you.
* * * LOW HITPOINT WARNING * * *
You miss something. Something hits you but does no damage.
You miss something. Something hits you.
* * * LOW HITPOINT WARNING * * *
You closely miss something. Something hits you.
You die...

### #.#..........
#.###.##.########
#........#
........##.#
##########o#
#§#######
#§§......
#{####### #@# #§#
###


There were no monsters in sight!

Vanquished Creatures
  An orc (D:5)
1 creature vanquished.

Notes
Turn   | Place    | Note
-------+----------+-------------------------------------------
     0 | D:5      | Reached skill level 9 in Stealth
     0 | D:5      | jamesblauser the Gnoll Delver began the quest for the Orb.
     0 | D:5      | Reached XP level 1. HP: 23/23 MP: 1/1
     0 | D:5      | Identified the ring "Lyssaaf" {+Blink Will+ MP+9 Stlth+}
    81 | D:5      | Noticed a black bear
    83 | D:5      | Noticed an orc wizard
   120 | D:5      | Slain by an orc wizard

Illustrated notes

Levels and vault maps discovered:
D:5:      layout_basic, lemuel_mausoleum_altar_yredelemnul,
          nicolae_gozag_cash_rules_everything_around_me, xom_butterflies,
          minmay_temple_entry_waves, portal_sewer_entry_e

Skill      XL: | |
---------------+-+-----
Stealth        | |  9.5
Fighting       | |  6.4
Axes           | |  4.4
Dodging        | |  4.4
Invocations    | |  0.1

Action                   || total
-------------------------++-------
Melee: Hand axe          ||    11
       Bite              ||     2
Evoke: Wand              ||     3
  Use: Potion            ||     2
       Scroll            ||     1
Armor: Leather armour    ||     3
Dodge: Dodged            ||     4
